 Dungeon Crawl Stone Soup version 0.30-a0-800-g7c544603b3 (webtiles) character file.

Game seed: 10006187142295254254

122735 dolemite99 the Warrior (level 17, -2/127 HPs)
             Began as a Djinni Fire Elementalist on Feb 23, 2023.
             Was an Elder of Hepliaklqana.
             Slain by an anaconda (15 damage)
             ... on level 1 of the Snake Pit.
             The game lasted 01:03:40 (37832 turns).

dolemite99 the Warrior (Djinni Fire Elementalist)  Turns: 37832, Time: 01:03:40

Health: -2/127     AC:  8    Str:  7    XL:     17   Next: 43%
Gold:   1283       EV: 20    Int: 35    God:    Hepliaklqana [****..] SH: 13 Dex: 18

rFire   + + +      SeeInvis .    a - +6 whip (venom)
rCold   . . .      Faith    .    K - +0 kite shield
rNeg    . . .      Spirit   .    y - +2 robe of a bailey {Int+4}
rPois   ∞          Reflect  .    W - +1 helmet
rElec   .          Harm     .    f - scarf {repulsion}
rCorr   +          Rampage  .    x - +1 pair of gloves
Will    ++...                    (boots unavailable)
Stlth   ++                       U - amulet of Noon {Will+ Regen+ rCorr Dex+4}
HPRegen 1.21/turn                o - ring of Ekampuj {rF+ rC+ MP+9}
MPRegen 0.00/turn                s - +6 ring of intelligence

@: about to teleport, flying, very slightly contaminated, studying Fighting,
repel missiles
A: reduced essence, sickness immunity, fire resistance 2, cold vulnerability 1,
float, innate caster, HP casting, extra vitality 1
a: Renounce Religion, Recall Ancestor, Ancestor Identity, Transference, Idealise


You were on level 1 of the Snake Pit.
You worshipped Hepliaklqana.
Hepliaklqana was greatly pleased with you.
You visited 5 branches of the dungeon, and saw 25 of its levels.
You also visited: Bailey, Ice Cave and Volcano.

You collected 3327 gold pieces.
You spent 2044 gold pieces at shops.

Inventory:

Hand Weapons
 a - a +6 whip of venom (weapon)
 e - the +3 long sword of Cobwebs {pain, rElec rPois rCorr Dex+4}
   (You found it on level 4 of the Lair of Beasts)

   Dex:       It affects your dexterity (+4).
   rElec:     It insulates you from electricity.
   rPois:     It protects you from poison.
   rCorr:     It protects you from acid and corrosion.
 O - a +2 scimitar of flaming
 P - the +2 flail of Skirmishing {elec, rPois Str+4}
   (You found it on level 5 of the Dungeon)

   Str:       It affects your strength (+4).
   rPois:     It protects you from poison.
 R - a +4 scimitar of flaming
Missiles
 h - 5 curare-tipped darts
 J - 54 poisoned darts
 N - 2 javelins (quivered)
Armour
 c - a +2 buckler of cold resistance
 f - a scarf of repulsion (worn)
 x - a +1 pair of gloves (worn)
 y - the +2 robe of a bailey (worn) {Int+4}
   (You found it on level 4 of the Dungeon)

   Int:       It affects your intelligence (+4).
 K - a +0 kite shield (worn)
 W - a +1 helmet (worn)
Magical Staves
 C - a staff of death
 I - a staff of earth
 Q - a staff of conjuration
Jewellery
 o - the ring of Ekampuj (left hand) {rF+ rC+ MP+9}
   (You found it on level 2 of the Dungeon)

   [ring of protection from fire]

   rF:        It protects you from fire.
   rC:        It protects you from cold.
   MP:        It affects your magic capacity (+9).
 r - a +4 ring of slaying
 s - a +6 ring of intelligence (right hand)
 w - a ring of willpower
 A - a ring of see invisible
 E - a ring of protection from cold
 G - a ring of protection from cold
 L - a +5 ring of evasion
 U - the amulet of Noon (around neck) {Will+ Regen+ rCorr Dex+4}
   (You found it on level 5 of the Lair of Beasts)

   [amulet of regeneration]

   Dex:       It affects your dexterity (+4).
   Regen:     It increases your rate of health regeneration.
   rCorr:     It protects you from acid and corrosion.
   Will:      It increases your willpower.
Wands
 D - a wand of mindburst (27)
 M - a wand of paralysis (47)
 T - a wand of roots (5)
 V - a wand of digging (7)
 Z - a wand of flame (23)
Scrolls
 b - 7 scrolls of brand weapon
 d - 6 scrolls of fog
 i - 2 scrolls of enchant armour
 n - 3 scrolls of vulnerability
 p - 10 scrolls of identify {@r1}
 t - 3 scrolls of enchant weapon
 z - 10 scrolls of teleportation
 B - 4 scrolls of magic mapping
 Y - 3 scrolls of immolation
Potions
 k - 14 potions of curing
 l - a potion of resistance
 m - 3 potions of cancellation
 q - a potion of berserk rage
 u - 5 potions of attraction
 v - 2 potions of haste
 F - 4 potions of brilliance
 S - 6 potions of might
Miscellaneous
 j - a phantom mirror
 H - a tin of tremorstones (1/2)


   Skills:
 + Level 19.6 Fighting
 - Level 5.4 Maces & Flails
 * Level 13.9 Dodging
 - Level 1.5 Stealth
 - Level 12.1 Shields
 - Level 10.3 Spellcasting
 - Level 8.1 Invocations


You knew the following spells:

 Your Spells              Type           Power      Damage    Failure   Level
a - Foxfire               Conj/Fire      100%       2x1d9     1%          1
b - Scorch                Fire           100%       2d10      1%          2
c - Poisonous Vapours     Pois/Air       100%       N/A       1%          2
d - Borgnjor's Vile Clut  Necr/Erth      37%        N/A       1%          5
e - Flame Wave            Conj/Fire      74%        2d16      1%          4
f - Apportation           Tloc           100%       N/A       1%          1
g - Kindle Blastsparks    Fire/Tloc/Air  100%       2d18      1%          3
h - Tukima's Dance        Hex            74%        N/A       1%          3
i - Petrify               Tmut/Erth      74%        N/A       1%          4
j - Inner Flame           Hex/Fire       74%        N/A       1%          3
k - Arcjolt               Conj/Air       37%        1d47      1%          5
l - Summon Cactus Giant   Summ           37%        N/A       11%         6
m - Summon Hydra          Summ           37%        N/A       50%         7
Your spell library was empty.

Dungeon Overview and Level Annotations

Branches:
Dungeon (15/15)            Temple (0/1) D:7            Lair (5/5) D:11
  Swamp (2/4) Lair:3        Snake (1/4) Lair:2        Slime (0/5) Lair:5
    Orc (2/2) D:12            Elf (0/3) Orc:2        Vaults (0/5) D:14
 Depths (0/4) D:15         Bailey (visited)           IceCv (visited)
Volcano (visited)

Altars:
Ashenzari
Dithmenos
Hepliaklqana
Makhleb
Nemelex Xobeh
Okawaru
Qazlal
Ru
Trog
Uskayaw
Yredelemnul
The Shining One
Jiyva
Lugonu

Shops:
D:2 !   D:15 !   Orc:2 :=*(

Portals:
Abyss: Lair:1

Annotations:
Lair:4 exclusions: 2 downstairs and oklob plant
Swamp:2 Aizul


Innate Abilities, Weirdness & Mutations

Your life essence is reduced to manifest your ancestor. (-10% HP)
You are immune to sickness and miasma.
You are immune to poison.
Your flesh is very heat resistant. (rF++)
You are vulnerable to cold. (rC-)
You float through the air rather than walking.
You learn spells naturally, not from books.
Your magical power is your life essence.
You have superior vitality. (+4 MHP)


Message History

Xochitl burns Donald.
Xochitl hits the anaconda with a +0 broad axe of flaming!
Xochitl burns the anaconda.
Donald hits you with a +0 scimitar!!
The anaconda bites Xochitl but does no damage.
Donald attacks as you move away! Donald hits you with a +0 scimitar!!
The anaconda bites Xochitl but does no damage.
The anaconda bites Xochitl!
The nameless horror hits you!
* * * LOW HITPOINT WARNING * * *
The nameless horror attacks as you move away!
You block the nameless horror's attack.
Something bites Xochitl but does no damage.
Donald hits you with a +0 scimitar!
* * * LOW HITPOINT WARNING * * *
Okay, then.
You feel much better. Donald hits you with a +0 scimitar!!
* * * LOW HITPOINT WARNING * * *
Xochitl blocks the anaconda's attack.
Xochitl hits Donald with a +0 broad axe of flaming!
Xochitl burns Donald.
Xochitl misses the anaconda.
You block the nameless horror's attack.
You feel much better.
The anaconda bites Xochitl but does no damage.
Donald hits you with a +0 scimitar!!!
* * * LOW HITPOINT WARNING * * *
Xochitl hits Donald with a +0 broad axe of flaming!
Xochitl burns Donald.
Donald dies!
Xochitl hits the anaconda with a +0 broad axe of flaming!
Xochitl burns the anaconda.
The anaconda bites Xochitl.
The nameless horror closely misses you.
Something closely misses Xochitl.
Xochitl hits the anaconda with a +0 broad axe of flaming!
Xochitl burns the anaconda.
As you read the scroll of teleportation, it crumbles to dust.
You feel strangely unstable. The nameless horror misses you.
The nameless horror attacks as you move away!
You block the nameless horror's attack. The anaconda attacks as you move away!
The anaconda barely misses you. x2; The anaconda closely misses you.
The anaconda bites you!
You die...

# ##...... #.##..|.#
#.#.....# #...#..#
....... #..)...##
.......
#....R..###.......
#.........#.........
##..X.S...#.........
##...@...#........S.##
##...............#.#.
##...##..#...###....
#...#R##.#....#.. .
##....#........#.##
####.......##.##†.
###..#.#.#.....
###.##..#....
#..#....#..


You could see the friendly Xochitl the knight, an anaconda (ally target) and a
nameless horror.

Vanquished Creatures
  A frost giant (IceCv)
  An eleionoma (Swamp:1)
  2 dire elephants (Lair:5)
  Azrael (D:15)
  Erolcha (D:10)
  A rakshasa (D:14)
  A hydra (Lair:3)
  2 ogre magi (Orc:2)
  8 two-headed ogres
  2 boulder beetles
  3 death yaks
  Sonja (Lair:3)
  A hell knight (Volcano)
  A skyshark (Lair:5)
  A fire crab (shapeshifter) (D:14)
  A skeletal warrior (D:15)
  A swamp dragon (Swamp:1)
  A spectral anaconda (Lair:5)
  A goliath frog (Swamp:1)
  A salamander mystic (Volcano)
  Pikel (D:5)
  An obsidian statue (Lair:5)
  A bog body (Lair:3)
  A phantasmal warrior (D:15)
  2 necromancers (Lair:5)
  A mana viper (Snake:1)
  2 deep elf pyromancers
  3 manticores
  An elephant (shapeshifter) (D:14)
  3 cyclopes (D:15)
  5 black mambas
  An ice statue (IceCv)
  26 elephants
  A naga mage (Snake:1)
  A gargoyle (Volcano)
  A cane toad (shapeshifter) (D:13)
  6 cane toads
  An unseen horror (D:11)
  Psyche (D:8)
  An efreet (D:15)
  A freezing wraith (D:11)
  4 rime drakes
  7 komodo dragons
  A tengu conjurer (D:15)
  3 trolls
  5 polar bears
  3 meliai (D:13)
  A tyrant leech (Swamp:1)
  A meliai zombie (D:10)
  3 hornets
  2 dream sheep (Lair:3)
  2 blink frogs (Lair:4)
  2 wyverns
  2 wraiths (Lair:5)
  A spriggan (Swamp:1)
  35 yaks
  A shadow (D:9)
  A water elemental (D:14)
  2 basilisks
  A death yak simulacrum (Lair:5)
  A steam dragon (D:6)
  2 vampire mosquitoes (D:10)
  3 swamp worms (Swamp:1)
  2 nagas (Snake:1)
  Menkaure (D:5)
  A nameless horror (Volcano)
  Duvessa (D:7)
  9 water moccasins
  A swamp drake (Swamp:1)
  An ice beast (D:6)
  19 ogres
  10 wolves
  8 orc warriors
  6 centaurs
  An elephant skeleton (Lair:5)
  2 lemures (D:5)
  2 kobold brigands
  2 phantoms
  5 bullfrogs
  A gnoll sergeant (D:9)
  A necrophage (D:6)
  A cane toad simulacrum (Lair:5)
  4 wights (D:8)
  Dowan (D:7)
  5 killer bees (D:11)
  2 howler monkeys
  6 electric eels
  4 centaur zombies (D:10)
  3 jellies
  A gnoll bouda (D:4)
  7 orc priests
  2 iguanas (D:6)
  5 orc wizards
  15 gnolls
  5 adders
  A white imp (D:7)
  A worm (D:2)
  A dart slug (D:1)
  33 orcs
  3 ball pythons
  5 endoplasms
  4 giant cockroaches
  12 goblins
  8 hobgoblins
  5 jackals
  2 quokkas
  9 bats
  5 frilled lizards
  26 kobolds
  7 rats
432 creatures vanquished.

Vanquished Creatures (collateral kills)
  Donald (Snake:1)
  An eleionoma (Swamp:1)
  A dire elephant (Lair:5)
  Snorg (D:11)
  Josephine (Lair:5)
  2 hydras
  2 anacondas (Snake:1)
  2 ogre magi (Orc:2)
  3 centaur warriors
  4 boulder beetles
  2 dancing weapons (D:14)
  8 two-headed ogres (Orc:2)
  5 death yaks (IceCv)
  3 naga warriors (Snake:1)
  A naga sharpshooter (Snake:1)
  4 skeletal warriors
  Lodul (D:11)
  3 goliath frogs (Swamp:1)
  A wizard (D:15)
  3 bog bodies (Lair:3)
  3 necromancers
  A mana viper (Snake:1)
  3 salamanders
  3 cyclopes
  2 manticores
  A will-o-the-wisp (Swamp:1)
  A frost giant zombie (D:15)
  A guardian serpent (Snake:1)
  5 elephants
  4 black mambas
  4 centaur zombies (D:10)
  4 molten gargoyles (Volcano)
  5 gargoyles
  A cane toad (Lair:1)
  An unseen horror zombie (D:10)
  2 rime drakes
  2 komodo dragons
  3 efreet
  A kobold demonologist (D:10)
  6 polar bears (IceCv)
  3 trolls
  A bloated husk (Swamp:1)
  A tyrant leech (Swamp:1)
  A blink frog (Lair:4)
  An ettin zombie (D:15)
  2 dream sheep
  6 slime creatures (D:15)
  A wyvern (Lair:4)
  5 wraiths
  2 shadows
  28 yaks
  2 steam dragons (D:6)
  4 vampire mosquitoes
  3 fire elementals (D:15)
  3 death yak simulacra (Lair:5)
  A basilisk (Lair:5)
  3 swamp worms (Swamp:1)
  2 nagas (Snake:1)
  A spectral cane toad (Lair:5)
  An acid dragon (D:9)
  4 water moccasins
  6 nameless horrors
  3 hell hounds (D:15)
  6 orc warriors
  15 ogres
  2 glowing shapeshifter skeletons (D:15)
  A sky beast (D:6)
  An elephant skeleton (Lair:5)
  17 wolves
  4 centaurs
  2 gnoll sergeants
  2 bullfrogs
  2 cane toad simulacra (Lair:5)
  2 wights (D:8)
  An elephant simulacrum (Lair:5)
  3 howler monkeys
  A lava snake (Lair:4)
  A hound (D:6)
  8 orc priests
  4 jellies
  2 iguanas
  7 orc wizards
  9 gnolls
  A shadow imp (D:5)
  A white imp (D:5)
  A dart slug (D:5)
  13 orcs
  An endoplasm (Lair:5)
  2 giant cockroaches (D:4)
  4 goblins
  4 hobgoblins (Bailey)
  2 kobolds (D:10)
  A spectral kobold (D:10)
  A butterfly (Lair:5)
307 creatures vanquished.

Vanquished Creatures (others)
  A hydra (D:15)
  3 slime creatures (D:15)
  A centaur (D:14)
  16 knights
  4 ancestors
  724 foxfires
  32 fungi
  A lurking horror (Lair:1)
  39 plants
  35 withered plants
856 creatures vanquished.

Grand Total: 1595 creatures vanquished

Notes
Turn   | Place    | Note
-------+----------+-------------------------------------------
     0 | D:1      | dolemite99 the Djinni Fire Elementalist began the quest for
                  | the Orb.
     0 | D:1      | dolemite99 set off with the following spells memorised:
                  | Foxfire, Scorch, Kindle Blastsparks, Inner Flame, Flame
                  | Wave.
     0 | D:1      | Reached XP level 1. HP: 15/15 MP: 0/0
   194 | D:1      | Found a faded altar of an unknown god.
   238 | D:1      | Prayed at the altar of an unknown god.
   238 | D:1      | Became a worshipper of the Shining One
   238 | D:1      | Reached * piety under the Shining One
   344 | D:1      | Reached XP level 2. HP: 20/21 MP: 0/0
   483 | D:1      | Reached XP level 3. HP: 23/25 MP: 0/0
   483 | D:1      | Learned a level 1 spell: Apportation
  1098 | D:2      | Reached XP level 4. HP: 21/31 MP: 0/0
  1188 | D:2      | Found Lakextav's Distillery.
  1194 | D:2      | Bought a potion of curing for 39 gold pieces
  1259 | D:2      | Identified the ring of Ekampuj {rF+ rC+ MP+9}
  1403 | D:2      | You are sucked into a shaft and drop 1 floor!
  1424 | D:2      | Found a hazy altar of Hepliaklqana.
  1432 | D:2      | Fell from the grace of the Shining One
  1432 | D:2      | Became a worshipper of Hepliaklqana the Forgotten
  1921 | D:3      | Found a stormy altar of Qazlal.
  2175 | D:3      | Reached XP level 5. HP: 35/36 MP: 0/0
  2175 | D:3      | Learned a level 2 spell: Poisonous Vapours
  2352 | D:4      | Reached * piety under Hepliaklqana
  2387 | D:4      | Reached skill level 1 in Fighting
  2643 | D:4      | Identified the +2 robe of a bailey {Int+4}
  2694 | D:4      | Reached skill level 2 in Fighting
  2789 | D:4      | Noticed a phantom
  2798 | D:4      | Killed a phantom
  2799 | D:4      | Reached XP level 6. HP: 34/40 MP: 0/0
  2974 | D:4      | Noticed an ogre
  2990 | D:4      | Killed an ogre
  2991 | D:4      | Reached skill level 3 in Fighting
  3150 | D:5      | Entered Level 5 of the Dungeon
  3165 | D:5      | Noticed Pikel
  3178 | D:5      | Killed Pikel
  3179 | D:5      | Reached skill level 5 in Fighting
  3179 | D:5      | Reached skill level 5 in Spellcasting
  3179 | D:5      | Reached XP level 7. HP: 13/48 MP: 0/0
  3179 | D:5      | Learned a level 3 spell: Tukima's Dance
  3179 | D:5      | Reached XP level 8. HP: 15/53 MP: 0/0
  4632 | D:5      | Noticed Menkaure
  4638 | D:5      | Killed Menkaure
  4639 | D:5      | Reached skill level 6 in Fighting
  4755 | D:5      | Identified the +2 flail of Skirmishing {elec, rPois Str+4}
  5022 | D:5      | Found a bloodstained altar of Trog.
  5181 | D:5      | Reached ** piety under Hepliaklqana
  5182 | D:5      | Remembered your ancestor Xochitl as a knight
  5355 | D:6      | Reached XP level 9. HP: 57/60 MP: 0/0
  5355 | D:6      | Learned a level 4 spell: Petrify
  5366 | D:6      | Reached skill level 7 in Fighting
  5778 | D:6      | Found a sparkling altar of Nemelex Xobeh.
  6255 | D:6      | Reached skill level 1 in Shields
  6745 | D:7      | Noticed Duvessa
  6749 | D:7      | Noticed Dowan
  6756 | D:7      | Killed Duvessa
  6761 | D:7      | Killed Dowan
  6772 | D:7      | Reached XP level 10. HP: 47/68 MP: 0/0
  6919 | D:7      | Reached skill level 5 in Shields
  6999 | D:7      | Found a staircase to the Ecumenical Temple.
  7007 | D:7      | Found a flagged portal.
  7016 | Bailey   | Entered a bailey
  7614 | Bailey   | Noticed an orc warlord
  7905 | D:7      | Found a hide-covered altar of Uskayaw.
  7963 | D:7      | Reached *** piety under Hepliaklqana
  8082 | D:8      | Noticed Psyche
  8089 | D:8      | Killed Psyche
  8395 | D:8      | Reached skill level 8 in Fighting
  9673 | D:9      | Reached XP level 11. HP: 66/73 MP: 0/0
  9673 | D:9      | Learned a level 5 spell: Borgnjor's Vile Clutch
 10132 | D:9      | Found a shadowy altar of Dithmenos.
 10135 | D:9      | Found a glowing golden altar of the Shining One.
 10140 | D:9      | Found a broken altar of Ashenzari.
 10337 | D:9      | Reached skill level 9 in Fighting
 10530 | D:10     | Entered Level 10 of the Dungeon
 10530 | D:10     | Noticed a boulder beetle
 10539 | D:10     | Killed a boulder beetle
 10953 | D:10     | Found a burning altar of Makhleb.
 10990 | D:10     | Found a hazy altar of Hepliaklqana.
 11077 | D:10     | Found a sacrificial altar of Ru.
 11357 | D:10     | Noticed Erolcha
 11363 | D:10     | Killed Erolcha
 11364 | D:10     | Reached skill level 10 in Fighting
 11758 | D:10     | Noticed a centaur warrior
 11795 | D:10     | Killed a centaur warrior
 11906 | D:10     | Reached skill level 11 in Fighting
 11919 | D:10     | Reached XP level 12. HP: 66/84 MP: 0/0
 12356 | D:10     | Found a basalt altar of Yredelemnul.
 12762 | D:2      | Bought a potion of curing for 39 gold pieces
 12762 | D:2      | Bought 2 potions of curing for 78 gold pieces
 12762 | D:2      | Bought a potion of might for 52 gold pieces
 12762 | D:2      | Bought a potion of might for 52 gold pieces
 12908 | D:11     | Found a staircase to the Lair.
 13136 | D:11     | Reached **** piety under Hepliaklqana
 13237 | D:11     | Noticed a two-headed ogre
 13259 | D:11     | Killed a two-headed ogre
 13260 | D:11     | Reached skill level 5 in Dodging
 13746 | D:11     | Noticed a two-headed ogre
 13756 | D:11     | Killed a two-headed ogre
 14191 | D:11     | Noticed Snorg
 14207 | D:11     | Killed Snorg
 14741 | D:11     | Noticed Lodul
 14754 | D:11     | Killed Lodul
 14930 | Lair:1   | Entered Level 1 of the Lair of Beasts
 14930 | Lair:1   | You are sucked into a shaft and drop 1 floor!
 15202 | Lair:2   | Reached XP level 13. HP: 84/89 MP: 0/0
 15202 | Lair:2   | Learned a level 5 spell: Arcjolt
 15210 | Lair:2   | Reached skill level 10 in Shields
 15987 | Lair:1   | Reached ***** piety under Hepliaklqana
 16817 | Lair:1   | Found a one-way gate to the infinite horrors of the Abyss.
 16827 | Lair:1   | Found a corrupted altar of Lugonu.
 17002 | Lair:2   | Found a staircase to the Snake Pit.
 17489 | Lair:3   | Reached skill level 10 in Spellcasting
 17615 | Lair:3   | Noticed Sonja
 17622 | Lair:3   | Killed Sonja
 17623 | Lair:3   | Reached skill level 12 in Fighting
 18517 | Lair:3   | Reached skill level 1 in Maces & Flails
 19191 | Lair:3   | Found a staircase to the Swamp.
 19281 | Lair:3   | Noticed a seven-headed hydra
 19294 | Lair:3   | Killed a seven-headed hydra
 19772 | Lair:4   | Reached XP level 14. HP: 62/96 MP: 0/0
 19924 | Lair:4   | Reached skill level 5 in Maces & Flails
 20128 | Lair:4   | Identified the +3 long sword of Cobwebs {pain, rElec rPois
                  | rCorr Dex+4}
 20493 | Lair:4   | Reached skill level 1 in Invocations
 21308 | Lair:5   | Entered Level 5 of the Lair of Beasts
 22152 | Lair:4   | Reached skill level 5 in Invocations
 23378 | Lair:5   | Found a staircase to the Slime Pits.
 23379 | Lair:5   | Found a viscous altar of Jiyva.
 24402 | Lair:5   | Noticed a dire elephant
 24412 | Lair:5   | Killed a dire elephant
 24695 | Lair:5   | Reached ****** piety under Hepliaklqana
 24838 | Lair:5   | Noticed a dire elephant
 24838 | Lair:5   | Noticed Josephine
 24840 | Lair:5   | Noticed a dire elephant
 24898 | Lair:5   | Reached skill level 13 in Fighting
 25126 | Lair:5   | Killed a dire elephant
 25269 | Lair:5   | Killed a dire elephant
 25270 | Lair:5   | Reached XP level 15. HP: 83/103 MP: 0/0
 25270 | Lair:5   | Learned a level 6 spell: Summon Cactus Giant
 25798 | Lair:5   | Killed Josephine
 25799 | Lair:5   | Reached skill level 14 in Fighting
 25909 | Lair:5   | Identified the +2 spear "Doetekol" {drain, rF++}
 26397 | Lair:5   | Identified the amulet of Noon {Will+ Regen+ rCorr Dex+4}
 26711 | D:12     | Found a staircase to the Orcish Mines.
 27452 | Orc:1    | Entered Level 1 of the Orcish Mines
 27969 | Orc:2    | Entered Level 2 of the Orcish Mines
 28014 | Orc:2    | Found a dark tunnel.
 28025 | Volcano  | Entered a volcano
 28122 | Volcano  | Reached skill level 15 in Fighting
 28992 | Volcano  | Noticed an orb of fire
 29136 | Volcano  | Noticed an orb of fire
 29358 | Orc:2    | Reached skill level 16 in Fighting
 29946 | Orc:2    | Found a staircase to the Elven Halls.
 30216 | Orc:2    | Reached XP level 16. HP: 109/117 MP: 0/0
 30228 | Orc:2    | Found Istrepom's Jewellery Boutique.
 30228 | Orc:2    | Found Leigist's Book Shoppe.
 30229 | Orc:2    | Found Buydil's General Store.
 30229 | Orc:2    | Found Leisaplau's Weapon Emporium.
 30265 | Orc:2    | Reached skill level 17 in Fighting
 30275 | Orc:2    | Bought a manual of Fighting for 1120 gold pieces
 30285 | Orc:2    | Bought a potion of heal wounds for 55 gold pieces
 30285 | Orc:2    | Bought a scroll of fog for 44 gold pieces
 30285 | Orc:2    | Bought a ring of see invisible for 165 gold pieces
 30630 | D:13     | Found a frozen archway.
 30640 | IceCv    | Entered an ice cave
 31685 | IceCv    | Noticed a frost giant
 31843 | IceCv    | Killed a frost giant
 32066 | IceCv    | Reached skill level 10 in Dodging
 32116 | IceCv    | Identified the +7 trident of Rautot {flame, rElec Will-
                  | MP+9}
 32375 | D:13     | Reached skill level 18 in Fighting
 32955 | D:14     | Found an iron altar of Okawaru.
 33483 | D:14     | Found a gate to the Vaults.
 33808 | D:15     | Entered Level 15 of the Dungeon
 34580 | D:15     | Found Piehymoi's Distillery.
 34588 | D:15     | Bought a potion of cancellation for 128 gold pieces
 34588 | D:15     | Bought 2 potions of curing for 96 gold pieces
 34588 | D:15     | Bought a potion of might for 64 gold pieces
 34588 | D:15     | Bought a potion of might for 64 gold pieces
 34588 | D:15     | Bought a potion of attraction for 48 gold pieces
 34971 | D:15     | Noticed Azrael
 34984 | D:15     | Killed Azrael
 35119 | D:15     | Found a staircase to the Depths.
 35135 | D:15     | Reached XP level 17. HP: 119/125 MP: 0/0
 35135 | D:15     | Learned a level 7 spell: Summon Hydra
 35725 | Swamp:1  | Entered Level 1 of the Swamp
 35772 | Swamp:1  | Reached skill level 19 in Fighting
 37181 | Swamp:2  | Noticed Aizul
 37271 | Snake:1  | Entered Level 1 of the Snake Pit
 37734 | Snake:1  | Identified the +1 mace of Acifun {speed, rF- Int+3 Dex+5}
 37817 | Snake:1  | Noticed Donald
 37828 | Snake:1  | Killed Donald
 37832 | Snake:1  | Slain by an anaconda

Illustrated notes

Levels and vault maps discovered:
D:1:      reono_arrival_forest_river, layout_rooms,
          ebering_ecumenical_altar_abandoned
D:2:      layout_loops_ring, basic_altar, serial_shops, shop,
          minmay_misc_feat_roman
D:3:      layout_rooms, nicolae_qazlal_eye_of_the_storm, vehumet_crystals,
          corexii_leaking_fountain
D:4:      layout_basic, minmay_joined_circles
D:5:      layout_basic, trog_antimagical, uniq_menkaure, uniq_pikel
D:6:      wad_pebble_path, layout_basic, nemelex_diamond_rough_becter
D:7:      layout_rooms, kennysheep_little_box, temple_fountains, enter_bailey_2,
          uniq_duvessa
D:8:      layout_cave_pools, mainiacjoe_overflow_alcove_2, uniq_psyche
D:9:      layout_loops_corners, grunt_temple_overflow_diamond,
          kennysheep_generic_room_15
D:10:     layout_long_grid, nicolae_ru_awakened_eye,
          nicolae_overflow_crystal_walls, nicolae_yredelemnul_corpse_copse,
          nicolae_hepliaklqana_monster_ancestors, minmay_microvault,
          uniq_erolcha
D:11:     minmay_the_grid_square_5x5_3x3 [minmay_the_grid_square_5x5_bite,
          minmay_the_grid_square_5x5_z, minmay_the_grid_square_5x5_shuriken,
          minmay_the_grid_square_5x5_minivault,
          minmay_the_grid_square_5x5_megaprize_hollow,
          minmay_the_grid_square_5x5_two_walls_b,
          minmay_the_grid_square_5x5_three, minmay_the_grid_square_5x5_shrine2,
          minmay_the_grid_square_5x5_bridge], layout_basic,
          gauntlet_entry_generic, chequers_garden, uniq_snorg, uniq_lodul
D:12:     layout_loops_ring, orc_0_dummy, nicolae_twisting_strands
D:13:     layout_rooms, portal_ice_cave_entry_pillars_2,
          david_defended_altar_orc
D:14:     layout_basic, erik_vaults_1, okawaru_gym_becter, amethyst_killhole
D:15:     gammafunk_depths_entry_grave, layout_small_grid, serial_bayou_pond_b,
          serial_shops, nicolae_square_shop, minmay_misc_feat_rugged,
          uniq_azrael
Lair:1:   layout_regular_city, nicolae_quartered_pool_medium,
          amcnicky_altar_lugonu_corruption
Lair:2:   layout_chaotic_city, dummy_snake_entry, serial_bayou_shore_a
Lair:3:   layout_cave_pods, nicolae_swamp_entry_splash_gauntlet, uniq_sonja
Lair:4:   layout_gridlike, minmay_lair_oklob_bushes
Lair:5:   due_jungle_book, layout_loops_ring, nicolae_slime_entry_slimehenge,
          grunt_megastairs_3, lemuel_fruit_fields, uniq_josephine
Swamp:1:  nicolae_swamp_long_stream, layout_basic_swamp,
          nicolae_swamp_small_spring, swamp_pool1, wheals_swamp_sinkhole
Swamp:2:  nicolae_swamp_husk_halls, layout_falls_marsh,
          infiniplex_staircase_pool, uniq_aizul
Snake:1:  layout_onion_interference, grunt_megastairs_4, uniq_donald
Orc:1:    layout_caves
Orc:2:    st_orc_ogre_mass, layout_diamond_mine, nicolae_volcano_entry_two_sided

Skill      XL: |  1  2  3  4  5  6  7  8  9 10 11 12 13 14 15 16 17 |
---------------+----------------------------------------------------+-----
Spellcasting   | 3 4 5 6 7 9 10 | 10.3
Fighting       | 2 5 6 7 8 11 12 13 16 18 19 | 19.6
Shields        | 4 8 9 12 | 12.1
Dodging        | 7 12 13 | 13.9
Maces & Flails | 4 5 |  5.4
Invocations    | 8 |  8.1
Stealth        | |  1.5

Action                     |  1- 3 |  4- 6 |  7- 9 | 10-12 | 13-15 | 16-18 || total
---------------------------+-------+-------+-------+-------+-------+-------++-------
  Melee: Unarmed           |     1 |       |       |       |       |       ||     1
         Mace              |     1 |     3 |       |       |       |       ||     4
         Flail             |       |       |     1 |       |       |       ||     1
         Whip              |       |       |       |     2 |    29 |    79 ||   110
  Throw: Javelin           |       |       |       |       |       |     3 ||     3
   Cast: Foxfire           |    27 |    27 |    20 |   155 |   122 |    45 ||   396
         Scorch            |    20 |    29 |    47 |    48 |    77 |    30 ||   251
         Flame Wave        |       |     1 |     3 |     3 |    21 |    12 ||    40
         Inner Flame       |       |       |       |    36 |    18 |       ||    54
         Poisonous Vapours |       |       |       |    34 |   148 |    64 ||   246
         Borgnjor's Vile C |       |       |       |    31 |    95 |    52 ||   178
         Petrify           |       |       |       |     1 |       |       ||     1
         Tukima's Dance    |       |       |       |     1 |       |       ||     1
         Arcjolt           |       |       |       |       |     5 |     2 ||     7
         Summon Cactus Gia |       |       |       |       |    15 |    33 ||    48
 Invoke: Ancestor Life: Kn |       |       |     1 |       |       |       ||     1
         Recall Ancestor   |       |       |       |    10 |    16 |    18 ||    44
         Idealise          |       |       |       |       |     3 |     6 ||     9
  Evoke: Wand              |       |       |       |    11 |     4 |       ||    15
         Tin of tremorston |       |       |       |     2 |     3 |     1 ||     6
         Phantom mirror    |       |       |       |       |     1 |       ||     1
    Use: Potion            |       |     3 |     1 |     3 |     7 |     4 ||    18
         Scroll            |       |     1 |    11 |    14 |     9 |     3 ||    38
   Stab: Sleeping          |       |     1 |       |       |       |     1 ||     2
         Distracted        |       |       |       |       |       |     2 ||     2
 Armour: Leather armour    |    15 |    10 |       |       |       |       ||    25
         Robe              |       |     9 |     7 |    24 |    48 |    29 ||   117
  Dodge: Dodged            |    23 |    34 |    37 |    56 |   109 |   136 ||   395
         Repelled          |       |       |     1 |       |     4 |     9 ||    14
  Block: Kite shield       |       |       |       |       |   116 |   153 ||   269

Table legend: (Time is in decaauts)
 A = Elapsed time spent in this place.
 B = Non-inter-level travel time spent in this place.
 C = Inter-level travel time spent in this place.
 D = Time resting spent in this place.
 E = Time spent auto-exploring this place.
 F = Levels seen in this place.
 G = Mean time per level.
                   A        B        C        D        E       F      G
               +--------+--------+--------+--------+--------+-----+--------+
         Total |  37866 |  36032 |   1834 |  14902 |  14007 |  28 | 1352.4 |
       Dungeon |  18977 |  17938 |   1039 |   5954 |   8502 |  15 | 1265.1 |
          Lair |  12439 |  11764 |    675 |   6138 |   3945 |   5 | 2487.8 |
         Swamp |    838 |    788 |     50 |    308 |    263 |   2 |  419.0 |
     Snake Pit |    560 |    560 |      0 |    230 |    143 |   1 |  560.0 |
  Orcish Mines |   1619 |   1550 |     69 |    494 |    629 |   2 |  809.5 |
        Bailey |    609 |    609 |      0 |    329 |     62 |   1 |  609.0 |
      Ice Cave |   1531 |   1531 |      0 |    626 |    289 |   1 | 1531.0 |
       Volcano |   1289 |   1289 |      0 |    822 |    173 |   1 | 1289.0 |
               +--------+--------+--------+--------+--------+-----+--------+

Top non-repeatable levels by time:
  Lair:4: 3620 daAuts
  Lair:3: 3083 daAuts
  Lair:5: 3008 daAuts
    D:11: 2141 daAuts
    D:10: 2096 daAuts
     D:4: 1848 daAuts
    D:14: 1590 daAuts
     D:9: 1554 daAuts
   IceCv: 1531 daAuts
  Lair:1: 1456 daAuts
     D:7: 1440 daAuts
    D:15: 1297 daAuts
 Volcano: 1289 daAuts
  Lair:2: 1270 daAuts
     D:5: 1219 daAuts
